 Dungeon Crawl Stone Soup version 0.31-a0-268-g4392ee761c (webtiles) character file.

Game seed: 408151028420305736

51 qw the Shooter (level 3, -2/21 HPs)
             Began as a Gargoyle Hexslinger on July 14, 2023.
             Slain by a gnoll
             ... wielding a +0 spear
              (4 damage)
             ... on level 2 of the Dungeon.
             The game lasted 00:00:31 (955 turns).

qw the Shooter (Gargoyle Hexslinger)                 Turns: 955, Time: 00:00:31

Health: -2/21      AC:  5    Str: 11    XL:     3   Next: 83%
Magic:  4/4        EV: 12    Int: 13    God:
Gold:   87         SH:  0    Dex: 14    Spells: 3/4 levels left

rFire   . . .        Y - +1 sling
rCold   . . .        (no shield)
rNeg    + . .        c - +0 robe
rPois   inf          (no helmet)
rElec   +            (no cloak)
rCorr   .            (no gloves)
SInv    .            (no boots)
Will    .....        (no amulet)
Stlth   +            (no ring)
HPRegen 0.23/turn    (no ring)
MPRegen 0.09/turn

%: no passive effects
@: no status effects
A: sickness immunity, AC +3, negative energy resistance 1, electricity
resistance, torment resistance 1, petrification resistance
a: no special abilities


You were on level 2 of the Dungeon.
You visited 1 branch of the dungeon, and saw 2 of its levels.

You collected 87 gold pieces.


Innate Abilities, Weirdness & Mutations

You are immune to sickness and miasma.
Your stone body is resilient. (AC +3)
You are immune to poison.
You resist negative energy. (rN+)
You are resistant to electric shocks. (rElec)
You are resistant to unholy torment.
You are immune to petrification.


   Skills:
 - Level 2.0 Fighting
 + Level 3.7 Ranged Weapons
 - Level 1.5 Dodging
 - Level 1.0 Spellcasting
 - Level 2.6 Hexes


You had 3 spell levels left.
You knew the following spells:

 Your Spells              Type           Power      Damage    Failure   Level
a - Slow                  Hex            28%        N/A       10%         1

Your spell library contained the following spells:

 Spells                   Type           Power      Damage    Failure   Level
 Inner Flame              Hex/Fire       4%         N/A       43%         3
 Portal Projectile        Hex/Tloc       8%         N/A       43%         3
 Cause Fear               Hex            3%         N/A       67%         4

Inventory:

Hand Weapons
 Y - a +1 sling (weapon)
Armour
 c - a +0 robe (worn)
Potions
 f - a potion of cancellation {unknown}

Dungeon Overview and Level Annotations

Branches:
Dungeon (2/15)

Altars:

Annotations:
D:2 exclusion: gnoll


Message History

You shoot a sling bullet. The sling bullet hits the gnoll.
The gnoll is heavily wounded.
You shoot a sling bullet. The sling bullet hits the gnoll.
The gnoll is severely wounded.
The gnoll closely misses you.
You shoot a sling bullet. The sling bullet hits the gnoll!
You kill the gnoll!
You now have 87 gold pieces (gained 11).
A gnoll comes into view. It is wielding a +0 spear.
Found Plato's Atlas of the Tempest.
Found a faded altar of an unknown god.
The gnoll shouts!
Enter note: You shoot a sling bullet.
The sling bullet closely misses the gnoll.
You shoot a sling bullet. The sling bullet hits the gnoll.
The gnoll is lightly wounded.
You shoot a sling bullet.
The sling bullet barely misses the gnoll.
You shoot a sling bullet.
The sling bullet closely misses the gnoll.
The gnoll hits you from afar with a +0 spear.
You shoot a sling bullet.
The sling bullet barely misses the gnoll.
The gnoll misses you.
You shoot a sling bullet.
The sling bullet barely misses the gnoll.
The gnoll hits you from afar with a +0 spear!
The gnoll hits you from afar with a +0 spear.
Enter note:
Enter note:
Enter note:
Enter note: The gnoll hits you with a +0 spear.
Enter note:
Enter note: The gnoll hits you with a +0 spear.
The gnoll hits you but does no damage.
Enter note: The gnoll attacks as you move away!
The gnoll hits you with a +0 spear.
You die...

.....^##.#.........
..#..P.#P#...##..
.#.^##P#.#.## ##
.#...#.#.#.#
...._#.#.#.#
##....#.#.#.#
#..##P#.#.#
#..P.#.#..#
#@.##.#...#
#.g..#...##
#.^##)..##
#......## ########


You could see a gnoll.

Vanquished Creatures
  2 gnolls (D:2)
  3 bats
  2 endoplasms (D:1)
  5 giant cockroaches (D:1)
  A goblin (D:1)
  A hobgoblin (D:2)
  2 quokkas (D:1)
  3 ball pythons (D:1)
  3 frilled lizards
  6 kobolds (D:1)
  A rat (D:1)
29 creatures vanquished.

Notes
Turn   | Place    | Note
-------+----------+-------------------------------------------
     0 | D:1      | qw the Gargoyle Hexslinger began the quest for the Orb.
     0 | D:1      | Reached XP level 1. HP: 12/12 MP: 2/2
     0 | D:1      | 0 ||| qw: Version: 0.3-a-52-g30416fa
     0 | D:1      | 0 ||| qw: Game counter: 7950
     0 | D:1      | 0 ||| qw: Melee chars always use a shield: true
     0 | D:1      | 0 ||| qw: God list: Okawaru
     0 | D:1      | 0 ||| qw: Allow faded altars: false
     0 | D:1      | 0 ||| qw: Do Orc after clearing Dungeon:15 true
     0 | D:1      | 0 ||| qw: Do second Lair branch before Depths: true
     0 | D:1      | 0 ||| qw: Lair rune preference: random
     0 | D:1      | 0 ||| qw: Goals: Normal
     0 | D:1      | 0 ||| PLANNING D:1-11
   254 | D:1      | Reached XP level 2. HP: 16/16 MP: 3/3
   322 | D:1      | Reached skill level 3 in Ranged Weapons
   486 | D:1      | Reached XP level 3. HP: 21/21 MP: 4/4
   728 | D:1      | 728 ||| DROPPING amulet of magic regeneration.
   729 | D:1      | 729 ||| READING scroll labelled ELOX NILUIXZUOP.
   730 | D:1      | 730 ||| READING scroll labelled LUYNUJE NUJOMM.
   731 | D:1      | 731 ||| READING scroll labelled QUAXUO LEATTO.
   736 | D:1      | 736 ||| READING 2 scrolls labelled XYOGRYA UCRIE.
   737 | D:1      | 737 ||| READING scroll labelled IROUNE OTZASU.
   738 | D:1      | 738 ||| DROPPING scroll of poison.
   739 | D:1      | 739 ||| DROPPING scroll of vulnerability.
   844 | D:2      | HP: 5/21 [gnoll/+0 club (5)]
   945 | D:2      | Found a faded altar of an unknown god.
   952 | D:2      | HP: 2/21 [gnoll/+0 spear (4)]
   955 | D:2      | Slain by a gnoll

Levels and vault maps discovered:
D:1:      tarquinn_simple_flora_water_f, layout_loops_ring, nicolae_wormholes
D:2:      layout_basic, shapermc_ecumenical_altar_rom_forum, uniq_natasha

Skill      XL: |  1  2  3 |
---------------+----------+-----
Ranged Weapons | 3 |  3.7
Fighting       | 2 |  2.0
Dodging        | |  1.5
Spellcasting   | |  1.0
Hexes          | |  2.6

Action                     || total
---------------------------++-------
   Fire: Sling             ||   141
    Use: Scroll            ||     5
 Armour: Robe              ||    39
  Dodge: Dodged            ||    90

Table legend:
 A = Non-vault XP
 B = Vault XP
 C = Vault XP percentage of total XP
 D = Non-vault monster count
 E = Vault monster count
 F = Vault count percentage of total count
                 A         B        C        D         E       F
            +---------+---------+-------+---------+---------+-------
      Total |      74 |       0 |   0.0 |      29 |       0 |   0.0
            +---------+---------+-------+---------+---------+-------
        D:1 |      40 |       0 |   0.0 |      24 |       0 |   0.0
        D:2 |      34 |       0 |   0.0 |       5 |       0 |   0.0
            +---------+---------+-------+---------+---------+-------
